 Dungeon Crawl Stone Soup version 0.27.0-1-g7a089689b8 (webtiles) character file.

Game seed: 16007648525657041069

273 Malachi the Chopper (level 6, -4/53 HPs)
             Began as a Hill Orc Monk on Aug 13, 2021.
             Killed from afar by Duvessa (6 damage)
             ... with a puff of flame
             ... on level 4 of the Dungeon.
             The game lasted 00:04:18 (4501 turns).

Malachi the Chopper (Hill Orc Monk)                 Turns: 4501, Time: 00:04:18

Health: -4/53      AC:  7    Str: 15 (16) XL:     6   Next: 24%
Magic:  6/6        EV: 11    Int:  7 (10) God:
Gold:   146        SH:  0    Dex: 11 (13) Spells: 5/5 levels left

rFire    . . .     SeeInvis .   a - +1 hand axe
rCold    . . .     Faith    .   (no shield)
rNeg     . . .     Spirit   .   e - +0 ring mail
rPois    .         Reflect  .   h - +0 helmet
rElec    .         Harm     .   (no cloak)
rCorr    .         Rampage  .   d - +0 pair of gloves
Will     .....                  (no boots)
Stlth    +.........             (no amulet)
HPRegen  0.17/turn              (no ring)
MPRegen  0.10/turn              (no ring)

@: no status effects
A: no striking features
a: no special abilities


You were on level 4 of the Dungeon.
You visited 1 branch of the dungeon, and saw 4 of its levels.

You collected 146 gold pieces.

Inventory:

Hand Weapons
 a - a +1 hand axe (weapon)
Armour
 b - a +0 robe
 d - a +0 pair of gloves (worn)
 e - a +0 ring mail (worn)
 h - a +0 helmet (worn)
Scrolls
 f - 2 scrolls of amnesia
Potions
 c - a potion of attraction
 g - a potion of curing


   Skills:
 + Level 4.5 Fighting
 + Level 6.4 Axes
 + Level 1.8 Armour
 + Level 3.2 Dodging
 + Level 2.7 Stealth


You had 5 spell levels left.
You didn't know any spells.
Your spell library contained the following spells:

 Spells                   Type           Power      Damage    Failure   Level
 Summon Small Mammal      Summ           0%         N/A       65%         1
 Ensorcelled Hibernation  Hex/Ice        0%         N/A       80%         2
 Passwall                 Tmut/Erth      0%         N/A       80%         2
 Call Canine Familiar     Summ           0%         N/A       95%         3
 Spider Form              Tmut/Pois      0%         N/A       95%         3
 Summon Guardian Golem    Hex/Summ       0%         N/A       95%         3
 Swiftness                Air            0%         N/A       95%         3
 Invisibility             Hex            0%         N/A       100%        6
 Shadow Creatures         Summ           N/A        N/A       100%        6


Dungeon Overview and Level Annotations

Branches:
Dungeon (4/15)
 Temple: D:4-7

Altars:
Uskayaw

Annotations:
D:4 Duvessa, Sigmund


Message History

Duvessa is moderately wounded.
Duvessa hits you with a +0 short sword.
You hit Duvessa but do no damage.
Duvessa is moderately wounded.
Duvessa hits you but does no damage.
You hit Duvessa.
Duvessa is moderately wounded.
Duvessa hits you with a +0 short sword.
You hit Duvessa.
Duvessa is moderately wounded.
Duvessa hits you with a +0 short sword.
You hit Duvessa.
Duvessa is moderately wounded.
Duvessa closely misses you.
You hit Duvessa but do no damage.
Duvessa is moderately wounded.
Duvessa grits her teeth and focuses.
Duvessa zaps a wand.
The puff of flame hits you!
* * * LOW HITPOINT WARNING * * *
You feel better.
Duvessa zaps a wand.
The puff of flame hits you!
* * * LOW HITPOINT WARNING * * *
You hit Duvessa.
Duvessa is heavily wounded.
Duvessa hits you with a +0 short sword.
* * * LOW HITPOINT WARNING * * *
You closely miss Duvessa.
Duvessa is heavily wounded.
Duvessa barely misses you.
You hit Duvessa.
Duvessa is severely wounded.
Duvessa hits you with a +0 short sword.
* * * LOW HITPOINT WARNING * * *
You barely miss Duvessa.
Duvessa is severely wounded.
Duvessa hits you but does no damage.
You hit Duvessa but do no damage.
Duvessa is severely wounded.
Duvessa says, "His death shall not be in vain!"
Duvessa zaps a wand.
The puff of flame hits you.
You die...

###### ###.##.#.......# #....#
##.#<##.#.###.#.# #.##.##
##.#..##.#.###.#.#
......########.###.##.......#.#
....................###.#####.#
......########.#.#.####.#####.###
......# #.................^.
......# #.#.######.########.
...†..# #.#@# #.# #.... ......#
##.#e# #.# #.##.
##.##########...g# ####.#####.###
#.# #...........# #..........# #
#.# #.####......###.##.####### #
#.# #.####.............# # #.#
#...##.....######>.######### #.#
###.###...## #........... #.# #.#
#..## ##.#########


You could see Duvessa and a hobgoblin.

Vanquished Creatures
  A phantom (D:4)
  A scorpion (D:4)
  Dowan (D:4)
  4 adders
  A worm (D:2)
  A dart slug (D:2)
  A bat (D:2)
  2 endoplasms (D:2)
  4 giant cockroaches
  6 goblins
  7 hobgoblins
  5 jackals
  13 ball pythons
  3 frilled lizards
  A jackal skeleton (D:4)
  5 kobolds
  A rat (D:1)
57 creatures vanquished.

Notes
Turn   | Place    | Note
-------+----------+-------------------------------------------
     0 | D:1      | Malachi the Hill Orc Monk began the quest for the Orb.
     0 | D:1      | Reached XP level 1. HP: 19/19 MP: 1/1
   396 | D:1      | Reached XP level 2. HP: 27/27 MP: 2/2
   995 | D:1      | Found a faded altar of an unknown god.
  1568 | D:2      | Reached XP level 3. HP: 29/33 MP: 3/3
  1883 | D:2      | Found a hide-covered altar of Uskayaw.
  2412 | D:3      | Reached skill level 5 in Axes
  2612 | D:3      | Found a hide-covered altar of Uskayaw.
  2766 | D:3      | Reached XP level 4. HP: 40/40 MP: 4/4
  3329 | D:4      | Noticed a phantom
  3354 | D:4      | Killed a phantom
  3355 | D:4      | Reached skill level 1 in Armour
  3355 | D:4      | Reached XP level 5. HP: 28/46 MP: 5/5
  3581 | D:4      | Reached skill level 6 in Axes
  3581 | D:4      | Reached XP level 6. HP: 17/53 MP: 6/6
  4024 | D:4      | Noticed Sigmund
  4070 | D:4      | Noticed Dowan
  4071 | D:4      | Noticed Duvessa
  4085 | D:4      | Killed Dowan
  4499 | D:4      | HP: 1/53 [Duvessa (3)]
  4501 | D:4      | Killed from afar by Duvessa

Illustrated notes

Levels and vault maps discovered:
D:1:      dpeg_arrival_tiny_a, layout_basic, shapermc_ecumenical_altar_pompeii
D:2:      layout_basic, basic_altar
D:3:      layout_rooms, general_overflow_altar
D:4:      layout_loops_ring, mainiacjoe_overflow_divided_tiny,
          nicolae_ashenzari_skybound, minmay_temple_entry_statues_fountains,
          uniq_duvessa, uniq_sigmund

Skill      XL: |  1  2  3  4  5 |
---------------+----------------+-----
Stealth        | 2 |  2.7
Fighting       | 4 |  4.5
Axes           | 5 6 |  6.4
Armour         | 1 |  1.8
Dodging        | 3 |  3.2

Action                   |  1- 3 |  4- 6 || total
-------------------------+-------+-------++-------
Melee: Hand axe          |   142 |   122 ||   264
  Use: Scroll            |     4 |     2 ||     6
       Potion            |     4 |     5 ||     9
 Stab: Sleeping          |     6 |     1 ||     7
       Distracted        |     1 |     1 ||     2
Armor: Robe              |    19 |       ||    19
       Ring mail         |     2 |    34 ||    36
Dodge: Dodged            |    94 |    68 ||   162
